 Dungeon Crawl Stone Soup version 0.31-a0-1612-g4aaf141 (webtiles) character file.

Game seed: 11606382396866342270

536 PublicAnimeNo1 the Apothecary (level 6, 0/48 HPs)
             Began as a Demigod Alchemist on Jan 8, 2024.
             Slain by Pikel
             ... wielding a +0 whip of freezing
              (2 damage)
             ... on level 4 of the Dungeon.
             The game lasted 00:11:06 (4208 turns).

PublicAnimeNo1 the Apothecary (Demigod Alchemist)   Turns: 4208, Time: 00:11:07

Health: 0/48       AC:  4    Str:  9    XL:     6   Next: 74%
Magic:  12/13      EV: 11    Int: 25    God:
Gold:   207        SH:  0    Dex: 14    Spells: 1/11 levels left

rFire   . . .        a - staff of alchemy
rCold   . . .        (no shield)
rNeg    . . .        l - +0 leather armour
rPois   +            (no helmet)
rElec   .            j - +0 cloak
rCorr   .            (no gloves)
SInv    .            (no boots)
Will    .....        (no amulet)
Stlth   ++           (no ring)
HPRegen 0.28/turn    (no ring)
MPRegen 0.13/turn

%: no passive effects
@: no status effects
A: high MP 1, forlorn, divine attributes
a: no special abilities


You were on level 4 of the Dungeon.
You visited 1 branch of the dungeon, and saw 5 of its levels.

You collected 252 gold pieces.
You spent 45 gold pieces at shops.

Inventory:

Hand Weapons
 b - a +0 long sword
Armour
 e - a +0 robe
 j - a +0 cloak (worn)
 l - a +0 leather armour (worn)
Magical Staves
 a - a staff of alchemy (weapon)
Jewellery
 o - a ring of resist corrosion
 p - a +6 ring of strength
Wands
 k - a wand of paralysis (4)
Scrolls
 g - 2 scrolls of teleportation
 n - a scroll of immolation {unknown}
 q - a scroll of enchant weapon {unknown}
Potions
 c - a potion of haste
 d - 2 potions of magic
 f - a potion of ambrosia
 i - a potion of cancellation {unknown}
 m - 2 potions of curing


   Skills:
 - Level 2.0 Fighting
 - Level 1.7 Dodging
 + Level 3.7 Stealth
 + Level 3.2 Spellcasting
 - Level 2.8 Conjurations
 * Level 4.5 Alchemy


You had one spell level left.
You knew the following spells:

 Your Spells              Type           Power      Damage    Failure   Level
a - Sting                 Conj/Alch      100%       1d9       3%          1
b - Mephitic Cloud        Conj/Alch/Air  24%        N/A       16%         3
c - Mercury Vapours       Alch/Air       46%        N/A       9%          2
d - Olgreb's Toxic Radia  Alch           40%        N/A       22%         4

Your spell library contained the following spells:

 Spells                   Type           Power      Damage    Failure   Level
 Apportation              Tloc           8%         N/A       14%         1
 Necrotise                Necr           16%        1d4       14%         1
 Summon Small Mammal      Summ           16%        N/A       14%         1
 Momentum Strike          Conj/Tloc      22%        3d8       12%         2
 Blink                    Tloc           8%         N/A       22%         2
 Lesser Beckoning         Tloc           8%         N/A       22%         2
 Fulminant Prism          Conj/Alch      16%        3d11      30%         4
 Gell's Gravitas          Tloc           4%         N/A       38%         3
 Teleport Other           Tloc           4%         N/A       38%         3
 Volatile Blastmotes      Fire/Tloc      8%         2d10      38%         3
 Sticky Flame             Fire/Alch      23%        2d6       50%         4
 Iskenderun's Mystic Bla  Conj/Tloc      11%        2d4       61%         4


Dungeon Overview and Level Annotations

Branches:
Dungeon (5/15)             Temple (0/1) D:5

Shops:
D:4 ?(   D:5 !*[*

Annotations:
D:4 1 runed translucent door, Crazy Yiuf, Pikel
D:5 Edmund, Grinder, Sigmund


Innate Abilities, Weirdness & Mutations

You have an increased reservoir of magic. (+10% MP)
You shall have no god before yourself.
Your divine heritage dramatically boosts your attributes as you level up.


Message History

Press: ? - help, Q - select action, (/) - cycle Shift-Dir - straight line, f/p - Pikel
Aim: Pikel, wielding a +0 whip of freezing and wearing a +0 robe (moderately wounded, extremely poisoned, 72% to hit)
You feel a surge of power!
The sting hits Pikel.
Pikel looks as sick as possible!
Pikel is moderately wounded.
Pikel hits you with a +0 whip of freezing.
Pikel freezes you.
You hit Pikel but do no damage.
Pikel is heavily wounded.
Pikel hits you with a +0 whip of freezing!
Pikel freezes you.
Sorry, you're not good enough to have a special ability.
Unknown command.
Okay, then.
You are confused.
You feel invigorated.
Pikel cracks his whip.
Pikel hits you with a +0 whip of freezing!
Pikel freezes you. Pikel closely misses you.
You feel less invigorated.
You feel less confused.
Pikel hits you with a +0 whip of freezing.
Pikel freezes you.
The lemure looks more healthy.
Pikel hits you with a +0 whip of freezing.
* * * LOW HITPOINT WARNING * * *
Pikel freezes you.
* * * LOW HITPOINT WARNING * * *
Aiming: Sting (safe; 3% risk of failure)
Press: ? - help, Q - select action, (/) - cycle Shift-Dir - straight line, f/p - Pikel
Aim: Pikel, wielding a +0 whip of freezing and wearing a +0 robe (severely wounded, very poisoned, 72% to hit)
You feel a surge of power!
The sting hits Pikel.
Pikel looks as sick as possible!
Pikel is severely wounded.
Pikel hits you with a +0 whip of freezing!
* * * LOW HITPOINT WARNING * * *
Pikel freezes you.
You die...
Pikel says, "See you in Hell!"

........#.#.####...g# #..#
..#.....#.##....# #...###
........#.####### ####...##
........#.# ?(# #.#....†#
..##....#.##$!# #........
...#....#'####. #....∩...
##.#........# D #..5......
##.#........##########.#....)#.#
.#'##.......#...@K5....#
....#.......#.######.###
....#########......#.#
<.............†....#.#
##...........#########
.#...........# .#......##...#
....###.##...#### ###
....+.#.##....#.## ###..)#


You could see Pikel (extremely poisoned) and a lemure.

Vanquished Creatures
  Eustachio (D:4)
  A centaur (D:4)
  2 lemures (D:4)
  A vampire bat (D:3)
  A bombardier beetle (D:4)
  2 hounds
  Ijyb (D:3)
  4 adders
  2 ufetubi (D:5)
  2 dart slugs
  2 ribbon worms
  11 ball pythons
  A bat skeleton (D:3)
  5 bat zombies (D:3)
  12 endoplasms
  13 giant cockroaches
  9 goblins
  9 hobgoblins
  A quokka (D:4)
  5 bats
  2 frilled lizards (D:1)
  2 kobolds
  10 rats
99 creatures vanquished.

Notes
Turn   | Place    | Note
-------+----------+-------------------------------------------
     0 | D:1      | PublicAnimeNo1 the Demigod Alchemist began the quest for
                  | the Orb.
     0 | D:1      | Reached XP level 1. HP: 14/14 MP: 5/5
   103 | D:1      | Reached skill level 1 in Conjurations
   326 | D:1      | Reached XP level 2. HP: 14/22 MP: 0/7
   749 | D:1      | Reached skill level 3 in Alchemy
   958 | D:2      | Reached XP level 3. HP: 27/27 MP: 6/8
   977 | D:2      | Reached skill level 1 in Fighting
  2052 | D:3      | Noticed Ijyb
  2058 | D:3      | Learned a level 3 spell: Mephitic Cloud
  2161 | D:3      | Reached XP level 4. HP: 35/35 MP: 7/10
  2869 | D:3      | Paralysed by Ijyb for 4 turns
  2873 | D:3      | Killed Ijyb
  2874 | D:3      | Reached XP level 5. HP: 30/41 MP: 5/11
  2950 | D:4      | You fall into a shaft and drop 1 floor!
  2950 | D:5      | Entered Level 5 of the Dungeon
  2962 | D:5      | Found Rilius's Armour Shoppe.
  2970 | D:5      | Noticed Sigmund
  2975 | D:5      | Found Syisuhui's General Store.
  3048 | D:5      | Found Ibotyerph's Distillery.
  3057 | D:5      | Bought a potion of curing for 45 gold pieces
  3063 | D:5      | Found a staircase to the Ecumenical Temple.
  3113 | D:5      | Noticed Edmund
  3141 | D:5      | Found Rukkit's Assorted Antiques.
  3225 | D:5      | Noticed Grinder
  3312 | D:4      | Found Ceby's Weapon Emporium.
  3460 | D:4      | Noticed a steam dragon
  3537 | D:4      | Noticed Eustachio
  3567 | D:4      | Killed Eustachio
  3568 | D:4      | Reached skill level 4 in Alchemy
  3568 | D:4      | Reached XP level 6. HP: 36/48 MP: 4/13
  3685 | D:4      | Found Fug Kuec's Magic Scroll Emporium.
  3924 | D:4      | Learned a level 2 spell: Mercury Vapours
  3929 | D:4      | Learned a level 4 spell: Olgreb's Toxic Radiance
  4141 | D:4      | Found a runed translucent door.
  4142 | D:4      | Noticed Crazy Yiuf
  4187 | D:4      | Noticed Pikel
  4208 | D:4      | HP: 2/48 [Pikel/+0 whip of freezing (9)]
  4208 | D:4      | Slain by Pikel

Illustrated notes

Levels and vault maps discovered:
D:1:      dpeg_arrival_ratfight, layout_basic
D:2:      minmay_roachtagon, layout_rooms, ebering_ecumenical_altar_hall,
          patterned_corridor
D:3:      layout_rooms, kennysheep_vampire_church, hangedman_decor_growths,
          nicolae_hexahallways, uniq_ijyb
D:4:      minmay_chambers_of_fours, layout_basic, mainiacjoe_overflow_alcove_3,
          serial_shops, nicolae_shop_pleasant_corner_grove, shop,
          nicolae_shop_bloodbath_and_beyond, nicolae_shop_rolled_up,
          nicolae_shop_tiny_glass, uniq_crazy_yiuf_cottage, uniq_eustachio,
          uniq_pikel
D:5:      layout_loops_ring, minmay_temple_entry_statues_pillars, serial_shops,
          shop, shop, shop, nicolae_shop_tiny_statue_garden, shop, uniq_sigmund,
          uniq_edmund, uniq_grinder

Skill      XL: |  1  2  3  4  5  6 |
---------------+-------------------+-----
Conjurations   | 1 2 |  2.8
Stealth        | 2 3 |  3.7
Spellcasting   | 2 3 |  3.2
Alchemy        | 3 4 |  4.5
Fighting       | 1 2 |  2.0
Dodging        | |  1.7

Action                     |  1- 3 |  4- 6 || total
---------------------------+-------+-------++-------
  Melee: Unarmed           |    16 |       ||    16
         Long sword        |    66 |    40 ||   106
         Staff             |     6 |    41 ||    47
         Punch             |     1 |     1 ||     2
   Cast: Sting             |    77 |    81 ||   158
         Mercury Vapours   |       |     4 ||     4
    Use: Scroll            |     2 |     1 ||     3
         Potion            |       |     1 ||     1
   Stab: Sleeping          |       |     3 ||     3
 Armour: Robe              |    62 |    69 ||   131
         Leather armour    |       |    76 ||    76
  Dodge: Dodged            |    77 |   101 ||   178

Table legend: (Time is in decaauts)
 A = Elapsed time spent in this place.
 B = Non-inter-level travel time spent in this place.
 C = Inter-level travel time spent in this place.
 D = Time resting spent in this place.
 E = Time spent auto-exploring this place.
 F = Levels seen in this place.
 G = Mean time per level.
                   A        B        C        D        E       F      G
               +--------+--------+--------+--------+--------+-----+--------+
         Total |   4256 |   4167 |     89 |    493 |   2742 |   5 |  851.2 |
       Dungeon |   4256 |   4167 |     89 |    493 |   2742 |   5 |  851.2 |
               +--------+--------+--------+--------+--------+-----+--------+

Top non-repeatable levels by time:
     D:3: 1164 daAuts
     D:1: 930 daAuts
     D:4: 924 daAuts
     D:2: 889 daAuts
     D:5: 348 daAuts
